[ AOE2 MATCH · #505683277 ]
UnrankedGeorgians vs Chinese
Player's team · WIN
Rival team · LOSS
[ REPLAY ANALYSIS · EXTRACTED FROM THE RECORDED GAME ]
Feudal
11:00
Castle
26:13
Imperial
41:41
| APM avg | 57.4 |
| APM peak | 106 |
| eAPM avg | 32.4 |
| Villagers / military | 176 / 381 |
Focus
⚔️ 44.1% · 🌾 55.9%
Knight ×102 · Skirmisher ×91 · Spearman ×87 · Scout Cavalry ×38 · Monaspa ×33 · Battering Ram ×11
Feudal
8:37
Castle
23:00
Imperial
38:59
| APM avg | 73.1 |
| APM peak | 109 |
| eAPM avg | 39.7 |
| Villagers / military | 226 / 328 |
Focus
⚔️ 40.5% · 🌾 59.5%
Archer ×140 · Scout Cavalry ×106 · Knight ×59 · Monk ×7 · Chu Ko Nu ×7 · Trebuchet (Packed) ×6
Match map
Initial resources + every placement click. Lines = walls · curves = elevation contours. ◆ gold · ⬟ stone · ● berries · ✦ relic · ◌ wall gap
Your base· ✓ Closed at 26:13 · 67t walls · 2 gate(s)
WhisperyChunk92's base· ✓ Closed at 23:00 · 55t walls · no gate
Smoothed initial terrain · ◌ = detected wall gap · hover for details
Inputs per minute
— [CL]LaCumbiaSuave - - WhisperyChunk92
Build order — [CL]LaCumbiaSuave
First 150 of 833 actions detected
| 0:00 | Queue | Villager (Male) |
| 0:01 | Queue | Villager (Male) |
| 0:01 | Queue | Villager (Male) |
| 0:01 | Queue | Villager (Male) |
| 0:01 | Queue | Villager (Male) |
| 0:02 | Build | House |
| 0:03 | Build | House |
| 1:26 | Queue | Villager (Male) |
| 1:26 | Queue | Villager (Male) |
| 1:59 | Queue | Villager (Male) |
| 2:00 | Queue | Villager (Male) |
| 2:00 | Queue | Villager (Male) |
| 2:22 | Queue | Villager (Male) |
| 2:23 | Queue | Villager (Male) |
| 2:45 | Queue | Villager (Male) |
| 2:45 | Queue | Villager (Male) |
| 2:45 | Queue | Villager (Male) |
| 3:08 | Queue | Villager (Male) |
| 3:08 | Queue | Villager (Male) |
| 3:12 | Build | Barracks |
| 3:33 | Queue | Villager (Male) |
| 3:33 | Queue | Villager (Male) |
| 3:33 | Queue | Villager (Male) |
| 3:47 | Build | House |
| 3:55 | Queue | Villager (Male) |
| 3:56 | Queue | Villager (Male) |
| 4:15 | Queue | Militia |
| 4:22 | Build | House |
| 4:30 | Queue | Villager (Male) |
| 4:54 | Queue | Militia |
| 5:03 | Queue | Villager (Male) |
| 5:03 | Queue | Villager (Male) |
| 5:30 | Queue | Villager (Male) |
| 5:41 | Build | House |
| 5:51 | Queue | Villager (Male) |
| 6:11 | Queue | Villager (Male) |
| 6:19 | Build | Palisade Wall |
| 6:37 | Queue | Villager (Male) |
| 6:45 | Queue | Villager (Male) |
| 6:51 | Build | Mill |
| 7:20 | Queue | Villager (Male) |
| 7:33 | Queue | Villager (Male) |
| 7:56 | Build | House |
| 8:08 | Research | Loom |
| 8:12 | Build | Palisade Wall |
| 8:15 | Build | House |
| 8:16 | Build | Palisade Wall |
| 8:48 | Research | Feudal Age |
| 9:30 | Build | Mule Cart |
| 9:37 | Build | Palisade Wall |
| 9:50 | Queue | Militia |
| 9:50 | Queue | Militia |
| 10:04 | Build | Farm |
| 10:08 | Queue | Villager (Male) |
| 10:29 | Queue | Villager (Male) |
| 10:30 | Build | House |
| 10:44 | Queue | Villager (Male) |
| 10:47 | Queue | Villager (Male) |
| 11:00 | Age | Feudal Age |
| 11:01 | Build | Palisade Wall |
| 11:04 | Research | Double-Bit Axe |
| 11:06 | Research | Man-at-Arms (upgrade) |
| 11:18 | Queue | Militia |
| 11:25 | Build | Stable |
| 11:51 | Research | Horse Collar |
| 11:56 | Build | House |
| 12:17 | Queue | Scout Cavalry |
| 12:18 | Queue | Scout Cavalry |
| 12:22 | Build | Palisade Wall |
| 12:35 | Build | Farm |
| 12:35 | Build | Farm |
| 12:36 | Build | Farm |
| 12:36 | Build | Farm |
| 12:39 | Queue | Villager (Male) |
| 12:53 | Queue | Villager (Male) |
| 13:04 | Queue | Villager (Male) |
| 13:21 | Queue | Villager (Male) |
| 13:21 | Queue | Villager (Male) |
| 13:34 | Build | Farm |
| 13:34 | Build | Farm |
| 13:35 | Build | Farm |
| 13:37 | Build | House |
| 13:39 | Queue | Villager (Male) |
| 13:48 | Build | Palisade Wall |
| 13:52 | Build | Farm |
| 13:59 | Build | Farm |
| 14:13 | Queue | Scout Cavalry |
| 14:17 | Build | Palisade Wall |
| 14:27 | Build | Farm |
| 14:29 | Build | Farm |
| 14:41 | Queue | Scout Cavalry |
| 14:43 | Queue | Villager (Male) |
| 14:46 | Build | Farm |
| 14:56 | Queue | Villager (Male) |
| 15:07 | Build | Blacksmith |
| 15:10 | Build | Palisade Wall |
| 15:16 | Queue | Villager (Male) |
| 15:19 | Build | Farm |
| 15:26 | Queue | Scout Cavalry |
| 15:26 | Queue | Scout Cavalry |
| 15:32 | Queue | Villager (Male) |
| 15:41 | Build | Farm |
| 15:56 | Queue | Scout Cavalry |
| 16:01 | Build | Palisade Wall |
| 16:03 | Build | House |
| 16:06 | Build | House |
| 16:10 | Queue | Scout Cavalry |
| 16:17 | Queue | Villager (Male) |
| 16:28 | Queue | Villager (Male) |
| 16:34 | Build | Archery Range |
| 16:42 | Build | Farm |
| 16:54 | Queue | Villager (Male) |
| 17:05 | Queue | Villager (Male) |
| 17:16 | Queue | Scout Cavalry |
| 17:17 | Queue | Villager (Male) |
| 17:22 | Queue | Skirmisher |
| 17:22 | Queue | Skirmisher |
| 17:31 | Build | House |
| 17:32 | Build | House |
| 17:43 | Queue | Villager (Male) |
| 17:53 | Queue | Villager (Male) |
| 17:59 | Queue | Skirmisher |
| 18:04 | Research | Fletching |
| 18:05 | Queue | Villager (Male) |
| 18:09 | Build | Farm |
| 18:10 | Build | Farm |
| 18:12 | Build | Farm |
| 18:14 | Queue | Villager (Male) |
| 18:23 | Queue | Skirmisher |
| 18:40 | Queue | Villager (Male) |
| 18:46 | Queue | Villager (Male) |
| 18:48 | Build | Farm |
| 18:53 | Research | Padded Archer Armor |
| 18:54 | Queue | Skirmisher |
| 18:54 | Queue | Skirmisher |
| 19:00 | Build | House |
| 19:02 | Queue | Villager (Male) |
| 19:03 | Build | Farm |
| 19:22 | Queue | Villager (Male) |
| 19:23 | Queue | Skirmisher |
| 19:23 | Queue | Skirmisher |
| 19:25 | Build | Farm |
| 19:26 | Build | Farm |
| 19:37 | Queue | Villager (Male) |
| 19:49 | Build | House |
| 19:50 | Queue | Villager (Male) |
| 19:51 | Build | Farm |
| 19:55 | Build | Farm |
| 19:55 | Queue | Villager (Male) |
| 20:06 | Queue | Skirmisher |
Build order — WhisperyChunk92
First 150 of 809 actions detected
| 0:25 | Research | Loom |
| 0:25 | Research | Loom |
| 0:48 | Queue | Villager (Male) |
| 0:48 | Queue | Villager (Male) |
| 1:14 | Queue | Villager (Male) |
| 1:14 | Queue | Villager (Male) |
| 1:15 | Queue | Villager (Male) |
| 1:38 | Queue | Villager (Male) |
| 1:38 | Queue | Villager (Male) |
| 1:59 | Queue | Villager (Male) |
| 1:59 | Queue | Villager (Male) |
| 2:24 | Queue | Villager (Male) |
| 2:24 | Queue | Villager (Male) |
| 2:47 | Queue | Villager (Male) |
| 2:47 | Queue | Villager (Male) |
| 3:16 | Queue | Villager (Male) |
| 3:16 | Queue | Villager (Male) |
| 3:16 | Queue | Villager (Male) |
| 3:27 | Build | House |
| 3:47 | Queue | Villager (Male) |
| 3:55 | Queue | Villager (Male) |
| 4:02 | Build | Lumber Camp |
| 4:07 | Queue | Villager (Male) |
| 4:08 | Queue | Villager (Male) |
| 4:59 | Queue | Villager (Male) |
| 4:59 | Queue | Villager (Male) |
| 5:00 | Queue | Villager (Male) |
| 5:00 | Queue | Villager (Male) |
| 5:43 | Queue | Villager (Male) |
| 6:00 | Build | Mill |
| 6:14 | Queue | Villager (Male) |
| 6:27 | Research | Feudal Age |
| 6:28 | Research | Feudal Age |
| 7:25 | Build | House |
| 7:47 | Build | Barracks |
| 8:13 | Build | Palisade Wall |
| 8:21 | Build | Palisade Wall |
| 8:35 | Build | Palisade Wall |
| 8:37 | Build | Palisade Wall |
| 8:37 | Age | Feudal Age |
| 8:39 | Build | Palisade Wall |
| 8:40 | Queue | Villager (Male) |
| 8:50 | Research | Double-Bit Axe |
| 9:08 | Queue | Villager (Male) |
| 9:24 | Queue | Villager (Male) |
| 9:24 | Queue | Villager (Male) |
| 9:25 | Research | Horse Collar |
| 9:31 | Build | Archery Range |
| 9:50 | Queue | Villager (Male) |
| 9:50 | Queue | Villager (Male) |
| 9:55 | Build | House |
| 10:10 | Build | Mining Camp |
| 10:26 | Queue | Archer |
| 10:26 | Queue | Archer |
| 10:36 | Queue | Villager (Male) |
| 10:39 | Build | Farm |
| 10:41 | Build | House |
| 10:45 | Queue | Villager (Male) |
| 11:14 | Build | Farm |
| 11:21 | Queue | Archer |
| 11:21 | Queue | Archer |
| 11:27 | Queue | Villager (Male) |
| 11:27 | Queue | Villager (Male) |
| 11:28 | Queue | Villager (Male) |
| 11:32 | Build | Farm |
| 11:46 | Queue | Archer |
| 11:46 | Queue | Archer |
| 11:46 | Queue | Archer |
| 11:51 | Build | Blacksmith |
| 11:55 | Build | House |
| 12:00 | Queue | Archer |
| 12:00 | Queue | Archer |
| 12:03 | Queue | Villager (Male) |
| 12:03 | Queue | Villager (Male) |
| 12:18 | Build | Farm |
| 12:26 | Build | House |
| 12:34 | Queue | Archer |
| 12:34 | Queue | Archer |
| 12:41 | Queue | Villager (Male) |
| 12:56 | Build | Farm |
| 12:57 | Queue | Archer |
| 12:57 | Queue | Archer |
| 13:27 | Queue | Villager (Male) |
| 13:27 | Queue | Villager (Male) |
| 13:36 | Research | Fletching |
| 13:37 | Research | Fletching |
| 13:44 | Queue | Archer |
| 13:44 | Queue | Archer |
| 13:44 | Queue | Archer |
| 13:50 | Build | Farm |
| 14:02 | Queue | Spearman |
| 14:07 | Queue | Villager (Male) |
| 14:15 | Queue | Villager (Male) |
| 14:22 | Build | House |
| 14:23 | Queue | Villager (Male) |
| 14:23 | Queue | Villager (Male) |
| 14:35 | Queue | Archer |
| 14:35 | Queue | Archer |
| 14:36 | Queue | Archer |
| 14:37 | Queue | Villager (Male) |
| 15:03 | Queue | Villager (Male) |
| 15:04 | Queue | Villager (Male) |
| 15:19 | Queue | Villager (Male) |
| 15:33 | Queue | Archer |
| 15:34 | Queue | Archer |
| 15:39 | Queue | Villager (Male) |
| 15:39 | Queue | Villager (Male) |
| 15:45 | Queue | Villager (Male) |
| 15:46 | Queue | Villager (Male) |
| 15:56 | Queue | Villager (Male) |
| 16:18 | Queue | Archer |
| 16:18 | Queue | Archer |
| 16:49 | Queue | Villager (Male) |
| 16:49 | Queue | Villager (Male) |
| 17:10 | Build | Farm |
| 17:16 | Build | Farm |
| 17:17 | Queue | Villager (Male) |
| 17:22 | Queue | Archer |
| 17:22 | Queue | Archer |
| 17:39 | Queue | Archer |
| 17:39 | Queue | Archer |
| 17:51 | Queue | Archer |
| 18:01 | Queue | Spearman |
| 18:01 | Queue | Spearman |
| 18:19 | Queue | Villager (Male) |
| 18:26 | Research | Wheelbarrow |
| 18:27 | Build | House |
| 18:48 | Build | Farm |
| 18:49 | Queue | Villager (Male) |
| 18:59 | Queue | Villager (Male) |
| 19:07 | Build | Farm |
| 19:08 | Build | Farm |
| 19:15 | Research | Gold Mining |
| 19:19 | Build | Farm |
| 19:33 | Queue | Villager (Male) |
| 19:35 | Build | Farm |
| 20:08 | Queue | Villager (Male) |
| 20:10 | Build | Market |
| 20:20 | Research | Castle Age |
| 20:23 | Queue | Archer |
| 20:24 | Queue | Archer |
| 20:29 | Build | House |
| 20:30 | Build | House |
| 20:46 | Build | House |
| 20:48 | Build | House |
| 20:50 | Build | Palisade Wall |
| 20:53 | Build | Palisade Wall |
| 21:04 | Build | Palisade Wall |
| 21:07 | Build | Palisade Wall |
| 21:25 | Queue | Archer |
Match timeline
| 3:12 | [CL]LaCumbiaSuave · first_building Barracks |
| 6:19 | [CL]LaCumbiaSuave · wall_segment Palisade Wall x1 |
| 7:47 | WhisperyChunk92 · first_building Barracks |
| 8:12 | [CL]LaCumbiaSuave · wall_segment Palisade Wall x1 |
| 8:13 | WhisperyChunk92 · wall_segment Palisade Wall x5 |
| 8:16 | [CL]LaCumbiaSuave · wall_segment Palisade Wall x1 |
| 8:21 | WhisperyChunk92 · wall_segment Palisade Wall x7 |
| 8:35 | WhisperyChunk92 · wall_segment Palisade Wall x1 |
| 8:37 | WhisperyChunk92 · wall_segment Palisade Wall x1 |
| 8:37 | WhisperyChunk92 · age_up feudal |
| 8:39 | WhisperyChunk92 · wall_segment Palisade Wall x1 |
| 9:31 | WhisperyChunk92 · first_building Archery Range |
| 9:37 | [CL]LaCumbiaSuave · wall_segment Palisade Wall x7 |
| 11:00 | [CL]LaCumbiaSuave · age_up feudal |
| 11:01 | [CL]LaCumbiaSuave · wall_segment Palisade Wall x10 |
| 11:25 | [CL]LaCumbiaSuave · first_building Stable |
| 12:22 | [CL]LaCumbiaSuave · wall_segment Palisade Wall x12 |
| 13:48 | [CL]LaCumbiaSuave · wall_segment Palisade Wall x13 |
| 14:17 | [CL]LaCumbiaSuave · wall_segment Palisade Wall x15 |
| 15:10 | [CL]LaCumbiaSuave · wall_segment Palisade Wall x6 |
| 16:01 | [CL]LaCumbiaSuave · wall_segment Palisade Wall x1 |
| 16:34 | [CL]LaCumbiaSuave · first_building Archery Range |
| 20:50 | WhisperyChunk92 · wall_segment Palisade Wall x8 |
| 20:53 | WhisperyChunk92 · wall_segment Palisade Wall x10 |
| 21:04 | WhisperyChunk92 · wall_segment Palisade Wall x12 |
| 21:07 | WhisperyChunk92 · wall_segment Palisade Wall x10 |
| 21:30 | WhisperyChunk92 · first_building Stable |
| 22:43 | WhisperyChunk92 · wall_segment Palisade Wall x1 |
| 23:00 | WhisperyChunk92 · age_up castle |
| 25:26 | WhisperyChunk92 · first_building Monastery |
| 26:13 | [CL]LaCumbiaSuave · age_up castle |
| 27:28 | [CL]LaCumbiaSuave · first_building Monastery |
| 33:10 | WhisperyChunk92 · first_market_sell 100 food |
| 36:08 | WhisperyChunk92 · first_building Castle |
| 36:46 | [CL]LaCumbiaSuave · first_market_buy 100 food |
| 37:19 | [CL]LaCumbiaSuave · first_building Castle |
| 38:59 | WhisperyChunk92 · age_up imperial |
| 41:41 | [CL]LaCumbiaSuave · age_up imperial |
| 42:56 | [CL]LaCumbiaSuave · first_market_sell 500 food |
| 44:58 | WhisperyChunk92 · first_market_buy 100 wood |
| 49:40 | [CL]LaCumbiaSuave · first_building Siege Workshop |
| 54:21 | WhisperyChunk92 · resign |
[ AI ANALYSIS · 1 CREDIT ]
What really happened in this match?
Wolo.gg analyzes every decision: build order, eco, micro, common mistakes by bracket. Personalized analysis on WhatsApp or Discord in 30 seconds.
Civ guide
Georgians
Perfil
Jugador #3775792